NCAA
NORTHWESTERN WILDCATS @ COLORADO BUFFALOES
04/09/2030
 
TOP OF THE 1ST
Northwestern Wildcats batting - Pitching for Colorado Buffaloes : RHP Mario Salazar
Pitching: RHP Mario Salazar
Batting: RHB Dave Singleton 0-0: Ball
1-0: Foul Ball, location: 2F
1-1: Foul Ball, location: 2F
1-2: SINGLE (Line Drive, 8RS)
Batting: LHB Juan Díaz 0-0: Ball
1-0: Foul Ball, location: 2F
1-1: Ball
2-1: Ball
3-1: Called Strike
3-2: Reached on error, E6 (Groundball, 6)
Dave Singleton to third
Batting: RHB Artie Rivers 0-0: Ball
1-0: Ball
2-0: Called Strike
2-1: SINGLE (Groundball, 34D)
Dave Singleton scores
Juan Díaz to third
Runner from 3rd tries for Home, SAFE, no throw
Batting: RHB Dan Hart 0-0: Called Strike
0-1: Called Strike
0-2: Ball
1-2: SINGLE (Groundball, 6MD)
Artie Rivers to second
Batting: RHB Thomas Jordan 0-0: Called Strike
0-1: SINGLE (Flyball, 89S)
Artie Rivers to third
Dan Hart to second
Batting: RHB Johnny Marshall 0-0: Grounds into double play, 6-4-3 (Groundball, 6)
Artie Rivers scores
Dan Hart to third
Batting: LHB Carl Picot 0-0: Ball
1-0: Called Strike
1-1: Fly out, F3 (Line Drive, 3L)
Top of the 1st over - 3 runs, 4 hits, 1 error, 1 left on base; Northwestern 3 - Colorado 0
BOTTOM OF THE 1ST
Colorado Buffaloes batting - Pitching for Northwestern Wildcats : RHP Ramón Sánchez
Pitching: RHP Ramón Sánchez
Batting: LHB Walt George 0-0: Ball
1-0: SOLO HOME RUN (Flyball, 9LD), Distance : 326 ft
Batting: RHB Ryan Reed 0-0: Called Strike
0-1: Called Strike
0-2: Ball
1-2: Strikes out swinging
Batting: LHB Claudio Jaramillo 0-0: Foul Ball, location: 2F
0-1: Swinging Strike
0-2: Fly out, F8 (Flyball, 8RD)
Batting: LHB Larry Chase 0-0: Ball
1-0: Ball
2-0: Ball
3-0: Base on Balls
Batting: RHB Frank Ruffin 0-0: Called Strike
0-1: Foul Ball, location: 2F
0-2: Strikes out swinging
Bottom of the 1st over - 1 run, 1 hit, 0 errors, 1 left on base; Northwestern 3 - Colorado 1
TOP OF THE 2ND
Northwestern Wildcats batting - Pitching for Colorado Buffaloes : RHP Mario Salazar
Batting: RHB Ben Bond 0-0: Fly out, F7 (Flyball, 78M)
Batting: LHB Andy MacAindra 0-0: Ball
1-0: Ball
2-0: DOUBLE (Line Drive, 78D)
Batting: RHB Dave Singleton 0-0: Called Strike
0-1: 2-RUN HOME RUN (Flyball, 7LD), Distance : 317 ft
Batting: LHB Juan Díaz 0-0: Ball
1-0: TRIPLE (Line Drive, 78XD)
Batting: RHB Artie Rivers 0-0: Fly out, F4 (Popup, 4)
Batting: RHB Dan Hart 0-0: Called Strike
0-1: Foul Ball, location: 2F
0-2: Ball
1-2: Foul Ball, location: 2F
1-2: Fly out, F5 (Popup, 15)
Top of the 2nd over - 2 runs, 3 hits, 0 errors, 1 left on base; Northwestern 5 - Colorado 1
BOTTOM OF THE 2ND
Colorado Buffaloes batting - Pitching for Northwestern Wildcats : RHP Ramón Sánchez
Batting: LHB Gene Cherry 0-0: Called Strike
0-1: Ball
1-1: Hit by Pitch
Batting: RHB Alexander Fernández 0-0: Fielders Choice at 2nd, 4-6 (Groundball, 4)
Batting: LHB Scott Hall 0-0: Ball
1-0: Called Strike
1-1: Swinging Strike
1-2: Ball
2-2: Foul Ball, location: 2F
2-2: Ball
3-2: Foul Ball, location: 2F
3-2: Base on Balls
Alexander Fernández to second
Batting: LHB Dan Jeffries 0-0: Ball
1-0: Ball
2-0: Called Strike
2-1: Ball
3-1: Base on Balls
Alexander Fernández to third
Scott Hall to second
Batting: LHB Walt George 0-0: Called Strike
0-1: Grounds into double play, 6-4-3 (Groundball, 6)
Bottom of the 2nd over - 0 runs, 0 hits, 0 errors, 2 left on base; Northwestern 5 - Colorado 1
TOP OF THE 3RD
Northwestern Wildcats batting - Pitching for Colorado Buffaloes : RHP Mario Salazar
Batting: RHB Thomas Jordan 0-0: Fly out, F7 (Flyball, 7S)
Batting: RHB Johnny Marshall 0-0: SINGLE (Groundball, 56D)
Batting: LHB Carl Picot 0-0: Ball
1-0: Ball
2-0: Ball
3-0: Foul Ball, location: 2F
3-1: Base on Balls
Johnny Marshall to second
Batting: RHB Ben Bond 0-0: Ball
1-0: Called Strike
1-1: Grounds into double play, 5-4-3 (Groundball, 56)
Top of the 3rd over - 0 runs, 1 hit, 0 errors, 1 left on base; Northwestern 5 - Colorado 1
BOTTOM OF THE 3RD
Colorado Buffaloes batting - Pitching for Northwestern Wildcats : RHP Ramón Sánchez
Batting: RHB Ryan Reed 0-0: Ball
1-0: Called Strike
1-1: Foul Ball, location: 2F
1-2: Ball
2-2: Strikes out swinging, 2-3 out at first.
Batting: LHB Claudio Jaramillo 0-0: Ball
1-0: Fly out, F8 (Flyball, 8LXD)
Batting: LHB Larry Chase 0-0: Ball
1-0: Foul Ball, location: 2F
1-1: Swinging Strike
1-2: Ball
2-2: Ball
3-2: Foul Ball, location: 2F
3-2: Base on Balls
Batting: RHB Frank Ruffin 0-0: Ball
1-0: Ball
2-0: Called Strike
2-1: Foul Ball, location: 2F
2-2: Strikes out looking
Bottom of the 3rd over - 0 runs, 0 hits, 0 errors, 1 left on base; Northwestern 5 - Colorado 1
TOP OF THE 4TH
Northwestern Wildcats batting - Pitching for Colorado Buffaloes : RHP Mario Salazar
Batting: LHB Andy MacAindra 0-0: Called Strike
0-1: Ball
1-1: Ground out 6-3 (Groundball, 6)
Batting: RHB Dave Singleton 0-0: Ball
1-0: Ball
2-0: Ball
3-0: Base on Balls
Batting: LHB Juan Díaz 0-0: Called Strike
0-1: Ball
1-1: Called Strike
1-2: Strikes out swinging
Dave Singleton is caught stealing 2nd base
Batter strikes out.
Top of the 4th over - 0 runs, 0 hits, 0 errors, 0 left on base; Northwestern 5 - Colorado 1
BOTTOM OF THE 4TH
Colorado Buffaloes batting - Pitching for Northwestern Wildcats : RHP Ramón Sánchez
Batting: LHB Gene Cherry 0-0: Called Strike
0-1: Ball
1-1: Swinging Strike
1-2: Foul Ball, location: 2F
1-2: SINGLE (Line Drive, 7S)
Batting: RHB Alexander Fernández 0-0: Ball
1-0: Fly out, F7 (Flyball, 7)
Batting: LHB Scott Hall 0-0: Called Strike
0-1: Foul Ball, location: 2F
0-2: Strikes out swinging
Batting: LHB Dan Jeffries 0-0: Ball
1-0: Ball
2-0: Called Strike
2-1: Ball
3-1: Base on Balls
Gene Cherry to second
Batting: LHB Walt George 0-0: Called Strike
0-1: Called Strike
0-2: Strikes out swinging
Bottom of the 4th over - 0 runs, 1 hit, 0 errors, 2 left on base; Northwestern 5 - Colorado 1
TOP OF THE 5TH
Northwestern Wildcats batting - Pitching for Colorado Buffaloes : RHP Mario Salazar
Batting: RHB Artie Rivers 0-0: Ball
1-0: Ball
2-0: Ball
3-0: Called Strike
3-1: Foul Ball, location: 2F
3-2: Fly out, F5 (Line Drive, 6S)
Batting: RHB Dan Hart 0-0: Fly out, F7 (Flyball, 78M)
Batting: RHB Thomas Jordan 0-0: Ground out 4-3 (Groundball, 4M)
Top of the 5th over - 0 runs, 0 hits, 0 errors, 0 left on base; Northwestern 5 - Colorado 1
BOTTOM OF THE 5TH
Colorado Buffaloes batting - Pitching for Northwestern Wildcats : RHP Ramón Sánchez
Batting: RHB Ryan Reed 0-0: Called Strike
0-1: Foul Ball, location: 2F
0-2: Foul Ball, location: 2F
0-2: Strikes out swinging
Batting: LHB Claudio Jaramillo 0-0: Ball
1-0: Ball
2-0: Called Strike
2-1: Ball
3-1: Base on Balls
Pitching: RHP Tony Robinson
Batting: LHB Larry Chase 0-0: SINGLE (Flyball, 34D)
Claudio Jaramillo to second
Runner from 2nd tries for 3rd, SAFE, no throw
Batting: RHB Frank Ruffin 0-0: Swinging Strike
0-1: Fly out, F8 (Flyball, 8LD)
Runner from 3rd tags up, SCORES, throw made
Batting: LHB Gene Cherry 0-0: Called Strike
0-1: Called Strike
0-2: Ball
1-2: Strikes out swinging
Bottom of the 5th over - 1 run, 1 hit, 0 errors, 1 left on base; Northwestern 5 - Colorado 2
TOP OF THE 6TH
Northwestern Wildcats batting - Pitching for Colorado Buffaloes : RHP Mario Salazar
Batting: RHB Johnny Marshall 0-0: Hit by Pitch
Batting: LHB Carl Picot 0-0: Ball
1-0: Foul Ball, location: 2F
1-1: Foul Ball, location: 2F
1-2: Ball
2-2: Strikes out swinging
Batting: RHB Ben Bond 0-0: Ball
1-0: Ball
2-0: Foul Ball, location: 2F
2-1: Ball
3-1: SINGLE (Groundball, 56D)
Johnny Marshall to second
Batting: LHB Andy MacAindra 0-0: Called Strike
0-1: Foul Ball, location: 2F
0-2: Ball
1-2: Ball
2-2: Strikes out swinging
Pitching: RHP Roberto Cardona
Batting: RHB Dave Singleton 0-0: Fielders Choice at 2nd, 6-4 (Groundball, 56)
Top of the 6th over - 0 runs, 1 hit, 0 errors, 2 left on base; Northwestern 5 - Colorado 2
BOTTOM OF THE 6TH
Colorado Buffaloes batting - Pitching for Northwestern Wildcats : RHP Tony Robinson
Batting: RHB Alexander Fernández 0-0: Ball
1-0: Ball
2-0: Ball
3-0: Base on Balls
Batting: LHB Scott Hall 0-0: Ball
1-0: Ground out 4-3 (Groundball, 4MS)
Alexander Fernández to second
Batting: LHB Dan Jeffries 0-0: Fly out, F7 (Flyball, 7S)
Batting: LHB Walt George 0-0: Ball
1-0: Ball
2-0: Foul Ball, location: 2F
2-1: Swinging Strike
2-2: Ground out 6-3 (Groundball, 6)
Bottom of the 6th over - 0 runs, 0 hits, 0 errors, 1 left on base; Northwestern 5 - Colorado 2
TOP OF THE 7TH
Northwestern Wildcats batting - Pitching for Colorado Buffaloes : RHP Roberto Cardona
Batting: LHB Juan Díaz 0-0: Ball
1-0: Called Strike
1-1: Ball
2-1: Ball
3-1: Swinging Strike
3-2: Base on Balls
Batting: RHB Artie Rivers 0-0: Fielders Choice at 2nd, 6-4 (Groundball, 6MD)
Batting: RHB Dan Hart 0-0: Ball
1-0: SINGLE (Line Drive, 8RS)
Artie Rivers to second
Batting: RHB Thomas Jordan 0-0: Fly out, F9 (Flyball, 9LM)
Runner from 2nd tags up, SAFE at 3rd with throw
Batting: RHB Johnny Marshall 0-0: Ball
1-0: Ball
2-0: Ball
3-0: Called Strike
3-1: Swinging Strike
3-2: Base on Balls
Dan Hart to second
Batting: LHB Carl Picot 0-0: Called Strike
0-1: Fly out, F6 (Popup, 6M)
Top of the 7th over - 0 runs, 1 hit, 0 errors, 3 left on base; Northwestern 5 - Colorado 2
BOTTOM OF THE 7TH
Colorado Buffaloes batting - Pitching for Northwestern Wildcats : RHP Tony Robinson
Batting: RHB Ryan Reed 0-0: Fly out, F8 (Flyball, 8LD)
Batting: LHB Claudio Jaramillo 0-0: SINGLE (Groundball, 6MD)
Batting: LHB Larry Chase 0-0: Ball
1-0: Ball
2-0: Foul Ball, location: 2F
2-1: Ball
3-1: Foul Ball, location: 2F
3-2: Strikes out swinging
Batting: RHB Frank Ruffin 0-0: Called Strike
0-1: Ball
1-1: Ball
2-1: Ball
3-1: 2-RUN HOME RUN (Line Drive, 7D), Distance : 372 ft
Pitching: RHP Miguel Gómez
Batting: LHB Gene Cherry 0-0: Called Strike
0-1: Ball
1-1: Called Strike
1-2: Strikes out looking
Bottom of the 7th over - 2 runs, 2 hits, 0 errors, 0 left on base; Northwestern 5 - Colorado 4
TOP OF THE 8TH
Northwestern Wildcats batting - Pitching for Colorado Buffaloes : RHP Roberto Cardona
Batting: RHB Ben Bond 0-0: Ground out 6-3 (Groundball, 6M)
Batting: LHB Andy MacAindra 0-0: Ball
1-0: Ball
2-0: Ball
3-0: Base on Balls
Batting: RHB Dave Singleton 0-0: Ball
1-0: Ball
2-0: Called Strike
2-1: Ball
3-1: Base on Balls
Andy MacAindra to second
Batting: LHB Juan Díaz 0-0: Ball
1-0: Called Strike
1-1: Called Strike
1-2: SINGLE (Flyball, 7LS)
Andy MacAindra to third
Dave Singleton to second
Runner from 3rd tries for Home, SAFE, no throw
Batting: RHB Artie Rivers 0-0: Ball
1-0: Foul Ball, location: 2F
1-1: Ball
2-1: Fielders Choice at 2nd, 6-4 (Groundball, 6)
Dave Singleton to third
Batting: RHB Dan Hart 0-0: Called Strike
0-1: Swinging Strike
0-2: Ball
1-2: Foul Ball, location: 2F
1-2: Strikes out looking
Top of the 8th over - 1 run, 1 hit, 0 errors, 2 left on base; Northwestern 6 - Colorado 4
BOTTOM OF THE 8TH
Colorado Buffaloes batting - Pitching for Northwestern Wildcats : RHP Miguel Gómez
Batting: RHB Alexander Fernández 0-0: Called Strike
0-1: Ball
1-1: Swinging Strike
1-2: Strikes out swinging
Batting: LHB Scott Hall 0-0: Ball
1-0: Swinging Strike
1-1: Foul Ball, location: 2F
1-2: Strikes out looking
Batting: LHB Dan Jeffries 0-0: Ball
1-0: SINGLE (Groundball, 34D)
Batting: LHB Walt George 0-0: Foul Ball, location: 2F
0-1: Foul Ball, location: 2F
0-2: Ball
1-2: SINGLE (Groundball, 56D)
Dan Jeffries to second
Batting: RHB Ryan Reed 0-0: SINGLE (Line Drive, 34)
Dan Jeffries to third
Walt George to second
Runner from 3rd tries for Home, SAFE, no throw
Pitching: LHP Arturo Rea
Batting: LHB Claudio Jaramillo 0-0: Ball
1-0: Ground out 4-3 (Groundball, 4)
Bottom of the 8th over - 1 run, 3 hits, 0 errors, 2 left on base; Northwestern 6 - Colorado 5
TOP OF THE 9TH
Northwestern Wildcats batting - Pitching for Colorado Buffaloes : RHP Roberto Cardona
Pitching: RHP Geoff Reeves
Batting: RHB Thomas Jordan 0-0: Ball
1-0: Foul Ball, location: 2F
1-1: Called Strike
1-2: Foul Ball, location: 2F
1-2: Strikes out looking
Batting: RHB Johnny Marshall 0-0: Ball
1-0: Ball
2-0: Swinging Strike
2-1: Foul Ball, location: 2F
2-2: Ground out 4-3 (Groundball, 4)
Batting: LHB Carl Picot 0-0: Ball
1-0: Ground out 3-1 (Groundball, 34)
Top of the 9th over - 0 runs, 0 hits, 0 errors, 0 left on base; Northwestern 6 - Colorado 5
BOTTOM OF THE 9TH
Colorado Buffaloes batting - Pitching for Northwestern Wildcats : LHP Arturo Rea
Pinch Hitting: RHB Esteban Garza 0-0: Ball
1-0: Ball
2-0: SINGLE (Line Drive, 8RD)
Batting: RHB Frank Ruffin 0-0: Swinging Strike
0-1: Ball
Passed Ball!
Esteban Garza to second
1-1: Ground out 5-3 (Groundball, 5S)
Esteban Garza to third
Batting: LHB Gene Cherry 0-0: Called Strike
0-1: Swinging Strike
0-2: Ball
1-2: Strikes out swinging
Batting: RHB Alexander Fernández 0-0: Swinging Strike
0-1: Ball
1-1: Ground out 5-3 (Groundball, 56)
Bottom of the 9th over - 0 runs, 1 hit, 0 errors, 1 left on base; Northwestern 6 - Colorado 5
Saturday, April 7th, 2018 - OOTP Baseball 18.8 Build 76